 Dungeon Crawl Stone Soup version 0.28-a0-476-g0f06bd746f (webtiles) character file.

Game seed: 8587289064555673335

0 spiderkeys the Skirmisher (level 1, -3/15 (16) HPs)
             Began as an Octopode Abyssal Knight on Sept 17, 2021.
             Was a Follower of Lugonu.
             Slain by a lich (6 damage)
             ... on level 3 of the Abyss.
             The game lasted 00:00:52 (343 turns).

spiderkeys the Skirmisher (Octopode Abyssal Knight)  Turns: 343, Time: 00:00:53

HP:   -3/15 (16)    AC:  1    Str: 11    XL:     1   Next: 0%
MP:   2/2           EV: 13    Int: 14    God:    Lugonu [*.....]
Gold: 41            SH:  0    Dex: 11    Spells: 0/0 levels left

rFire   . . .      SeeInvis .   a - +1 spear
rCold   . . .      Faith    .   (no shield)
rNeg    . . .      Spirit   .   (helmet restricted)
rPois   .          Reflect  .   (no amulet)
rElec   .          Harm     .   (no ring)
rCorr   .          Rampage  .   (no ring)
Will    .....                   (no ring)
Stlth   ++........              (no ring)
HPRegen 0.05/turn               (no ring)
MPRegen 0.08/turn               (no ring)
                                (no ring)
                                (no ring)

@: slowed, drained, very slow
A: almost no armour, amphibious, 8 rings, camouflage 1, gelatinous body 1,
(nimble swimmer 1), tentacles
a: Renounce Religion, Depart the Abyss


You were on level 3 of the Abyss.
You worshipped Lugonu.
Lugonu was aware of your devotion.
You visited 0 branches of the dungeon, and saw 0 of its levels.
You visited the Abyss 1 time.

You collected 41 gold pieces.


Innate Abilities, Weirdness & Mutations

You cannot wear most types of armour.
You are amphibious.
You can wear up to eight rings at the same time.
Your skin changes colour to match your surroundings (Stealth+).
Your rubbery body absorbs attacks. (AC +1, EV +1)
((You are camouflaged near water. (Stealth+)))
You have tentacles for arms and can constrict up to eight enemies at once.


   Skills:
 + Level 3.0 Fighting
 + Level 2.0 Polearms
 + Level 2.3 Dodging
 + Level 2.0 Invocations


You couldn't memorise any spells.
You didn't know any spells.
Your spell library was empty.

Inventory:

Hand Weapons
 a - a +1 spear (weapon)
Missiles
 b - 6 boomerangs of dispersal {=f!f}
 c - 14 arrows
Jewellery
 R - a ring of resist corrosion
   (You found it on level 2 of the Abyss)

Dungeon Overview and Level Annotations

Branches:
Dungeon (0/15)

Altars:

#.......###.#
#####...#...#
#...##.##..#
#....#.#
#..#L#..# .#
#####.#.#
#...##..#..#
#....#L.#.#
####@#####
#.# ##. #. ..
##


You could see a lich (fast).


Message History

🤖 Initializing magus.rc ...
Options error: Delay interrupt name "hungry" not recognised. (~/.crawlrc:4988) ✅ Successfully initialized magus.rc [v1.9.10] Welcome, spiderkeys the Octopode Abyssal Knight.
The bosom of this dungeon contains the transcendent artefact, the Orb of Zot.
Lugonu says: Depart the Abyss and spread corruption, my servant! (use the ability menu to exit the Abyss) Press ? for a list of commands and other information.
Found a corrupted altar of Lugonu.
Found a gateway leading out of the Abyss.
You are suddenly pulled into a different region of the Abyss!
b - 6 boomerangs of dispersal {=f!f} A tentacled starspawn comes into view.
A tentacle flies out from the starspawn's body!
A starspawn tentacle comes into view.
Found two gateways leading deeper into the Abyss.
There is a gateway leading deeper into the Abyss here.
You plunge deeper into the Abyss.
You now have 25 gold pieces.
R - a ring of resist corrosion You now have 41 gold pieces (gained 16).
c - a scroll labelled SEIZXI GISEZAU
As you read the scroll labelled SEIZXI GISEZAU, it crumbles to dust.
You feel strangely unstable.
You feel the power of the Abyss delaying your translocation!
It was a scroll of teleportation.
A small abomination comes into view.
Unknown command.
Press: ? - help, v - describe, . - travel, g - get item Item here: a glowing rapier.
The floor.
You are suddenly pulled into a different region of the Abyss!
You see here a +0 mace.
You see here a +0 mace.
c - 14 arrows A thrashing horror comes into view.
A sun demon comes into view.
A sun demon comes into view.
Found a gateway leading deeper into the Abyss.
There is a gateway leading deeper into the Abyss here.
You plunge deeper into the Abyss.
The abyssal rune of Zot can be found at this depth.
You see here a +0 great mace.
The lich gestures wildly while chanting.
The lich seems to speed up.
The lich points at you and mumbles some strange words.
You feel yourself slow down.
You hear a deafening roar!
You hear a deafening roar!
The lich touches you!
Ouch! That really hurt!
* * * LOW HITPOINT WARNING * * *
You feel drained.
You die...

Action                   || total
-------------------------++-------
  Use: Scroll            ||     1

Levels and vault maps discovered:
Abyss:3:  base: Temple, due_evilmike_abyss_rune_seething_liches

Notes
Turn   | Place    | Note
-------+----------+-------------------------------------------
     0 | Abyss:1  | spiderkeys the Octopode Abyssal Knight began the quest for
                  | the Orb.
     0 | Abyss:1  | Reached XP level 1. HP: 16/16 MP: 2/2
     0 | Abyss:1  | magus.rc [v1.9.10]
   144 | Abyss:1  | Noticed a tentacled starspawn
   229 | Abyss:2  | Noticed a small abomination
   290 | Abyss:2  | Noticed a thrashing horror
   303 | Abyss:2  | Noticed a sun demon
   304 | Abyss:2  | Noticed a sun demon
   331 | Abyss:3  | Noticed a lich
   343 | Abyss:3  | HP: 3/16 [lich (13)]
   343 | Abyss:3  | Slain by a lich

Vanquished Creatures (others)
  A fire bat (Abyss:3)
  2 starspawn tentacles (Abyss:1)
3 creatures vanquished.

Table legend:
 A = Non-vault XP
 B = Vault XP
 C = Vault XP percentage of total XP
 D = Non-vault monster count
 E = Vault monster count
 F = Vault count percentage of total count
                 A         B        C        D         E       F
            +---------+---------+-------+---------+---------+-------
      Total |       0 |       0 |   N/A |       0 |       0 |  -nan
            +---------+---------+-------+---------+---------+-------
            +---------+---------+-------+---------+---------+-------

Illustrated notes

Table legend: (Time is in decaauts)
 A = Elapsed time spent in this place.
 B = Non-inter-level travel time spent in this place.
 C = Inter-level travel time spent in this place.
 D = Time resting spent in this place.
 E = Time spent auto-exploring this place.
 F = Levels seen in this place.
 G = Mean time per level.
                   A        B        C        D        E       F      G
               +--------+--------+--------+--------+--------+-----+--------+
         Total |    343 |    343 |      0 |      0 |    242 |   3 |  114.3 |
         Abyss |    343 |    343 |      0 |      0 |    242 |   3 |  114.3 |
               +--------+--------+--------+--------+--------+-----+--------+

Top non-repeatable levels by time:
 Abyss:1: 170 daAuts
 Abyss:2: 151 daAuts
 Abyss:3: 21 daAuts
